 Dungeon Crawl Stone Soup version 0.31.0-12-g77e489cdc1 (webtiles) character file.

Game seed: 5584701125319676896

81 Killerpretzel the Changeling (level 4, 0/29 HPs)
             Began as an Octopode Shapeshifter on Mar 6, 2024.
             Killed from afar by Natasha (11 damage)
             ... with a magic dart
             ... on level 3 of the Dungeon.
             The game lasted 00:01:22 (1980 turns).

Killerpretzel the Changeling (OpSh)                 Turns: 1980, Time: 00:01:23

Health: 0/29       AC:  1    Str: 13    XL:     4   Next: 40%
Magic:  4/4        EV: 13    Int: 12    God:
Gold:   66         SH:  0    Dex: 13    Spells: 3/3 levels left

rFire   . .          .
                       - Unarmed
rCold   . . .        (no shield)
rNeg    . . .        (helmet currently unavailable)
rPois   .            (no amulet)
rElec   .            (no ring)
rCorr   .            (no ring)
SInv    .            (no ring)
Will    .....        (no ring)
Stlth   ++           (no ring)
HPRegen 0.24/turn    (no ring)
MPRegen 0.09/turn    (no ring)
                     (no ring)

%: no passive effects
@: beast-form
A: beast (slay +2), almost no armour, amphibious, 8 rings, camouflage 1,
gelatinous body 1, (nimble swimmer 1), tentacles
a: Begin Untransformation


You were on level 3 of the Dungeon.
You were a hulking beast.
You visited 1 branch of the dungeon, and saw 3 of its levels.

You collected 66 gold pieces.

Inventory:

Talismans
 b - a beast talisman
 c - a flux talisman
Potions
 a - a potion of lignification
 d - a potion of cancellation {unknown}
 e - a potion of heal wounds
 g - a potion of resistance {unknown}
 i - a potion of berserk rage {unknown}


   Skills:
 + Level 1.8 Fighting
 + Level 2.7 Dodging
 + Level 3.5 Unarmed Combat
 * Level 3.7 Shapeshifting


You had 3 spell levels left.
You didn't know any spells.
Your spell library was empty.

Dungeon Overview and Level Annotations

Branches:
Dungeon (3/15)

Altars:
Sif Muna

Annotations:
D:3 Natasha


Innate Abilities, Weirdness & Mutations

You are a hulking beast.
Your limbs bulge with bestial killing power. (Slay +2)
You cannot wear most types of armour.
You are amphibious.
You can wear up to eight rings at the same time.
Your skin changes colour to match your surroundings (Stealth+).
Your rubbery body absorbs attacks. (AC +1, EV +1)
((You are camouflaged when in or above water. (Stealth+)))
You have tentacles for arms and can constrict up to eight enemies at once.


Message History

You are too injured to fight recklessly!
You are too injured to fight recklessly!
You are too injured to fight recklessly!
You are too injured to fight recklessly!
You are too injured to fight recklessly!
You are too injured to fight recklessly!
There are monsters nearby!
You are too injured to fight recklessly!
You are too injured to fight recklessly!
You are too injured to fight recklessly!
You are too injured to fight recklessly!
You are too injured to fight recklessly!
You are too injured to fight recklessly!
You are too injured to fight recklessly!
You are too injured to fight recklessly!
You are too injured to fight recklessly!
You are too injured to fight recklessly!
There are monsters nearby!
You are too injured to fight recklessly!
You are too injured to fight recklessly!
You are too injured to fight recklessly!
You are too injured to fight recklessly!
You are too injured to fight recklessly!
You are too injured to fight recklessly!
You are too injured to fight recklessly!
You are too injured to fight recklessly!
You are too injured to fight recklessly!
You are too injured to fight recklessly!
There are monsters nearby!
You closely miss Natasha. Your grab misses Natasha. You squeeze Natasha.
Natasha is moderately wounded.
Natasha claws you.
You tentacle-slap Natasha but do no damage.
You grab Natasha.
Natasha is moderately wounded.
You constrict Natasha.
Natasha stares at you and mumbles some strange words.
The magic dart hits you!
You die...
Natasha begins licking her fur clean.

#+##################.##)#...
#.......)........[....
##############>#..#...
#...##... ###.### ... ##
#######..<# ...
#..###.<......## ..#
#.Bh..###.#### ##h.....#
#.#..### #..#..# #.#...#
#>..#.. #.####.# ## .. ...


You could see Natasha and a giant cockroach.

Vanquished Creatures
  An adder (D:2)
  A ribbon worm (D:3)
  3 dart slugs
  An orc (D:3)
  3 endoplasms
  4 giant cockroaches
  5 goblins
  6 hobgoblins
  6 jackals (D:1)
  2 quokkas
  4 ball pythons
  6 bats
  4 frilled lizards
  7 kobolds
  2 rats
55 creatures vanquished.

Notes
Turn   | Place    | Note
-------+----------+-------------------------------------------
     0 | D:1      | Killerpretzel the Octopode Shapeshifter began the quest for
                  | the Orb.
     0 | D:1      | Reached XP level 1. HP: 13/13 MP: 1/1
    16 | D:1      | Reached XP level 2. HP: 15/18 MP: 2/2
   228 | D:1      | Reached XP level 3. HP: 23/23 MP: 3/3
  1111 | D:2      | Found a shimmering blue altar of Sif Muna.
  1240 | D:2      | Reached XP level 4. HP: 27/29 MP: 4/4
  1975 | D:3      | Noticed Natasha
  1980 | D:3      | Killed from afar by Natasha

Illustrated notes

Levels and vault maps discovered:
D:1:      wander_arrival_peaceful_grave, layout_basic
D:2:      layout_loops_corners, basic_altar, minmay_fountain_box, minivault_14
D:3:      minmay_chambers_of_threes, layout_rooms,
          dilly_ecumenical_altar_fadedgnrine, gammafunk_ghost_split,
          uniq_natasha

Action                     |  1- 3 |  4- 6 || total
---------------------------+-------+-------++-------
  Melee: Unarmed           |    84 |    22 ||   106
         Constrict         |    28 |     6 ||    34
         Tentacles         |    17 |     5 ||    22
         Punch             |     1 |       ||     1
    Use: Scroll            |     4 |     2 ||     6
   Stab: Sleeping          |     6 |     2 ||     8
 Armour: Skin              |    40 |     8 ||    48
  Dodge: Dodged            |    66 |     7 ||    73
